 Dungeon Crawl Stone Soup version 0.21.0-3-g78d12a8 (webtiles) character file.

41331 Gildeon the Severer (level 13, -2/115 HPs)
             Began as a Minotaur Fighter on Jan 8, 2018.
             Was an Elder of Sif Muna.
             Slain by a death yak (14 damage)
             ... on level 6 of the Lair of Beasts on Jan 9, 2018.
             The game lasted 01:10:55 (17582 turns).

Gildeon the Severer (Minotaur Fighter)             Turns: 17582, Time: 01:10:57

Health: -2/115     AC: 13    Str: 21    XL:     13   Next: 79%
Magic:  19/19      EV:  2    Int:  7    God:    Sif Muna [****..]
Gold:   610        SH:  0    Dex: 18    Spells: 1/22 levels left

rFire    . . .     SeeInvis .   a - +3 war axe (flame)
rCold    . . .     Gourm    .   k - +2 large shield
rNeg     + + +     Faith    .   o - +0 robe (curse)
rPois    ∞         Spirit   .   b - +2 hat {MR+}
rElec    .         Reflect  .   (no cloak)
rCorr    .         Harm     .   z - +0 pair of gloves
MR       +....                  g - +1 pair of boots
Stlth    ++........             u - amulet of magic regeneration
HPRegen  0.29/turn              C - +3 ring of dexterity
MPRegen  0.41/turn              e - +5 ring of protection

@: petrified, studying Spellcasting
A: retaliatory headbutt, horns 2, agile 1
a: Divine Energy, Channel Magic, Forget Spell, Renounce Religion


You were on level 6 of the Lair of Beasts.
You worshipped Sif Muna.
Sif Muna was greatly pleased with you.
You were not hungry.

You visited 3 branches of the dungeon, and saw 17 of its levels.

You collected 827 gold pieces.
You spent 217 gold pieces at shops.

Inventory:

Hand Weapons
 a - a +3 war axe of flaming (weapon)
Armour
 b - a +2 hat of magic resistance (worn)
 c - a +1 robe of magic resistance
 g - a +1 pair of boots (worn)
 k - a +2 large shield (worn)
 o - a cursed +0 robe (worn)
 q - a +0 plate armour
 z - a +0 pair of gloves (worn)
 G - a +2 hat of see invisible
Jewellery
 e - a +5 ring of protection (right hand)
 i - an uncursed ring of protection from cold
 u - an amulet of magic regeneration (around neck)
 v - an uncursed ring of resist corrosion
 B - an uncursed ring of poison resistance
 C - a +3 ring of dexterity (left hand)
 E - a +3 ring of slaying
 J - an uncursed ring of flight {unknown}
Wands
 d - a wand of acid (6)
 s - a wand of disintegration (4)
 K - a wand of random effects (3)
Scrolls
 h - 8 scrolls of teleportation
 w - a scroll of fear
 x - 3 scrolls of blinking
Potions
 j - a potion of invisibility
 l - 2 potions of agility
 m - 2 potions of haste
 n - 2 potions of cancellation
 p - 3 potions of heal wounds
 A - 2 potions of berserk rage
 I - 4 potions of curing
Books
 t - a manual of Spellcasting
 F - a book of Transfigurations

   Spells                             Type                      Level
   a - Irradiate                      Conjuration/Transmutation    5
   b - Statue Form                    Transmutation/Earth          6
   c - Hydra Form                     Transmutation                6
   d - Dragon Form                    Transmutation                7
 H - a book of the Sky

   Spells                             Type                      Level
   a - Summon Lightning Spire         Summoning/Air                4
   b - Silence                        Hexes/Air                    5
   c - Deflect Missiles               Charms/Air                   6
   d - Conjure Ball Lightning         Conjuration/Air              6
   e - Tornado                        Air                          9
Miscellaneous
 y - a lamp of fire
Comestibles
 f - 23 rations


   Skills:
 - Level 10.8 Fighting
 - Level 16.2 Axes
 - Level 10.0 Armour
 - Level 10.0 Dodging
 - Level 5.0 Shields
 - Level 5.0 Spellcasting
 + Level 4.5 Air Magic
 - Level 5.1 Invocations
 - Level 6.2 Evocations


You had one spell level left.
You knew the following spells:

 Your Spells              Type           Power        Failure   Level  Hunger
a - Summon Lightning Spi  Summ/Air       #.......     100%        4    #####..
b - Silence               Hex/Air        #.........   100%        5    ######.
c - Conjure Ball Lightni  Conj/Air       #.........   100%        6    #######
d - Deflect Missiles      Chrm/Air       #.........   100%        6    #######


Dungeon Overview and Level Annotations

Branches:
Dungeon (10/15)            Temple (1/1) D:4            Lair (6/6) D:10
 Shoals (0/4) Lair:3        Snake (0/4) Lair:2
  Slime: Lair:5-6       Orc: D:9-12

Altars:
Cheibriados
Gozag
Hepliaklqana
Okawaru
Sif Muna
Vehumet
Wu Jian
Xom

Shops:
D:3 *   D:10 *


Innate Abilities, Weirdness & Mutations

You reflexively headbutt those who attack you in melee.
You have a pair of horns on your head.
You are agile. (Dex +2)


Message History

You hit the death yak but do no damage.
You are engulfed in calcifying dust.
Your limbs have turned to stone.
The death yak gores you!! The death yak gores you.
You have turned to stone.
You are engulfed in calcifying dust.
The death yak gores you!! x3
You are engulfed in calcifying dust.
The death yak gores you!! x2
The death yak gores you but does no damage.
The death yak gores you! x2
* * * LOW HITPOINT WARNING * * *
The death yak gores you.
* * * LOW HITPOINT WARNING * * *
The death yak gores you but does no damage.
The yak gores the plant but does no damage.
The death yak barely misses you. The death yak gores you!
* * * LOW HITPOINT WARNING * * *
The death yak gores you!!
* * * LOW HITPOINT WARNING * * *
The yak gores the plant.
The death yak gores you.
* * * LOW HITPOINT WARNING * * *
The death yak gores you!!
You die...

....8..... ..........
..8....# .....### #
...### ###### ..
..†.# ####...P###...
###P.# #P...8.YY.....
###### #....8YYY..#
#.### ###.8.@YY8..#
....## #.....8Y8..##
.#...###
##..##.....##
##.....###..####P...#
###........## ##..##
##.###...## .## ##..#
##..P# .. #..##
#P..## ... ..##
##..### ##


You could see 5 death yaks and 3 yaks.

Vanquished Creatures
  Gastronok (Lair:3)
  6 hydras
  A two-headed ogre (D:9)
  3 catoblepae
  2 death yaks (Lair:6)
  Urug (Lair:4)
  The ghost of adept the Geomancer, a novice GrEE of Hepliaklqana (Lair:1)
  An oklob plant (Lair:4)
  A manticore (Lair:6)
  4 black mambas
  Psyche (D:10)
  12 spiny frogs
  2 rime drakes
  9 komodo dragons
  A queen bee (Lair:2)
  2 hornets
  A troll (D:10)
  A polar bear (Lair:4)
  8 blink frogs
  2 hippogriffs
  A spriggan (Lair:3)
  A wyvern (D:9)
  A human (D:7)
  A wraith (D:8)
  48 yaks
  3 hogs (D:7)
  5 basilisks
  2 nagas (Lair:2)
  7 orc warriors
  10 water moccasins
  8 porcupines
  3 ice beasts
  4 sky beasts
  3 black bears
  7 centaurs
  6 wolves (Lair:2)
  3 ogres
  An eye of draining (D:9)
  19 crocodiles
  A big kobold (D:9)
  7 bullfrogs
  A gnoll sergeant (D:8)
  2 wyvern zombies
  35 killer bees
  3 scorpions
  An electric eel (Lair:5)
  A howler monkey (D:10)
  3 crimson imps
  3 quasits
  3 jellies
  9 orc priests
  A bullfrog zombie (D:5)
  6 hounds
  A centaur skeleton (D:9)
  A bullfrog skeleton (D:4)
  Jessica (D:2)
  2 iguanas
  12 orc wizards
  7 worker ants
  A killer bee zombie (D:6)
  A hound zombie (D:9)
  9 gnolls
  6 adders
  2 howler monkey skeletons
  2 shadow imps
  2 oozes
  6 worms
  2 dart slugs
  12 leopard geckos
  43 orcs
  2 ball pythons
  8 giant cockroaches
  5 goblins
  6 hobgoblins
  11 jackals
  5 quokkas
  2 bats (D:1)
  4 frilled lizards
  16 kobolds
  A quokka skeleton (D:4)
  6 rats
  3 fungi
  4 plants
452 creatures vanquished.

Vanquished Creatures (others)
  24 fungi
  9 plants
33 creatures vanquished.

Grand Total: 485 creatures vanquished

Notes
Turn   | Place    | Note
-------+----------+-------------------------------------------
     0 | D:1      | Gildeon the Minotaur Fighter began the quest for the Orb.
     0 | D:1      | Reached XP level 1. HP: 19/19 MP: 0/0
    47 | D:1      | Reached skill level 3 in Axes
    74 | D:1      | Reached XP level 2. HP: 26/26 MP: 1/1
   240 | D:1      | Reached skill level 4 in Axes
   263 | D:1      | Reached XP level 3. HP: 28/31 MP: 2/2
   606 | D:2      | Noticed Jessica
   610 | D:2      | Killed Jessica
   610 | D:2      | Reached skill level 5 in Axes
   694 | D:2      | Reached XP level 4. HP: 39/39 MP: 3/3
   754 | D:2      | Found a faded altar of an unknown god.
  1298 | D:3      | Found Gozag's Platinum Reserve.
  1303 | D:3      | Found an opulent altar of Gozag.
  1425 | D:3      | Reached skill level 6 in Axes
  1538 | D:3      | Reached XP level 5. HP: 36/45 MP: 4/4
  2010 | D:4      | Reached skill level 7 in Axes
  2138 | D:4      | Noticed an orc warrior
  2147 | D:4      | Reached XP level 6. HP: 32/51 MP: 5/5
  2149 | D:4      | Killed an orc warrior
  2149 | D:4      | Reached skill level 8 in Axes
  2365 | D:4      | Found a staircase to the Ecumenical Temple.
  2393 | Temple   | Entered the Ecumenical Temple
  2399 | Temple   | Became a worshipper of Sif Muna the Loreminder
  2922 | D:5      | Entered Level 5 of the Dungeon
  2965 | D:5      | Reached skill level 9 in Axes
  2981 | D:5      | Reached XP level 7. HP: 48/57 MP: 6/6
  3078 | D:5      | Reached skill level 10 in Axes
  3284 | D:5      | Reached skill level 11 in Axes
  3402 | D:5      | Reached XP level 8. HP: 59/64 MP: 7/7
  3905 | D:6      | Reached skill level 12 in Axes
  4402 | D:6      | Gained mutation: You occasionally shout uncontrollably at your foes. [potion of mutation]
  4402 | D:6      | Lost mutation: You occasionally shout uncontrollably at your foes. [potion of mutation]
  4402 | D:6      | Gained mutation: You are agile. (Dex +2) [potion of mutation]
  4517 | D:7      | Reached * piety under Sif Muna
  5128 | D:7      | Reached skill level 13 in Axes
  5131 | D:7      | Reached XP level 9. HP: 48/70 MP: 8/8
  5133 | D:7      | Reached skill level 14 in Axes
  5683 | D:8      | Reached skill level 15 in Axes
  6410 | D:8      | Reached skill level 16 in Axes
  6412 | D:8      | Reached XP level 10. HP: 65/77 MP: 9/9
  6503 | D:9      | Reached skill level 5 in Fighting
  6745 | D:9      | Noticed a two-headed ogre
  6754 | D:9      | Killed a two-headed ogre
  6891 | D:9      | Reached skill level 1 in Dodging
  7044 | D:9      | Paralysed by a hornet for 1 turns
  7329 | D:9      | Reached skill level 5 in Dodging
  7602 | D:9      | Reached skill level 5 in Shields
  7672 | D:10     | Entered Level 10 of the Dungeon
  7684 | D:10     | Reached skill level 1 in Spellcasting
  7739 | D:10     | Reached XP level 11. HP: 78/90 MP: 12/12
  8545 | D:10     | Reached ** piety under Sif Muna
  8561 | D:10     | Found Vemutup's Assorted Antiques.
  8594 | D:10     | Bought a scroll labeled VYUF HADGHE for 29 gold pieces
  8594 | D:10     | Bought a glowing war axe for 188 gold pieces
  8832 | D:10     | Found a staircase to the Lair.
  8935 | D:10     | Noticed Psyche
  8956 | D:10     | Killed Psyche
  9747 | Lair:1   | Entered Level 1 of the Lair of Beasts
  9890 | Lair:1   | Noticed adept's ghost (novice GrEE)
  9906 | Lair:1   | Killed adept's ghost
  9906 | Lair:1   | Reached skill level 5 in Spellcasting
 10079 | Lair:1   | Reached skill level 1 in Invocations
 10085 | Lair:1   | Reached *** piety under Sif Muna
 10879 | Lair:2   | Reached skill level 5 in Invocations
 11014 | Lair:2   | Noticed a five-headed hydra
 11023 | Lair:2   | Killed a one-headed hydra
 11316 | Lair:2   | Reached XP level 12. HP: 33/97 MP: 18/18
 11328 | Lair:2   | Reached skill level 5 in Evocations
 11720 | Lair:2   | Found a staircase to the Snake Pit.
 12016 | Lair:2   | Noticed a six-headed hydra
 12028 | Lair:2   | Killed a one-headed hydra
 12473 | Lair:3   | Found a staircase to the Shoals.
 12528 | Lair:3   | Noticed a catoblepas
 12547 | Lair:3   | Killed a catoblepas
 12607 | Lair:3   | Noticed Gastronok
 12624 | Lair:3   | Killed Gastronok
 12731 | Lair:3   | Identified a scroll of acquirement
 12777 | Lair:3   | Noticed a four-headed hydra
 12779 | Lair:3   | Noticed a six-headed hydra
 12784 | Lair:3   | Killed a one-headed hydra
 12784 | Lair:3   | Reached skill level 10 in Fighting
 12791 | Lair:3   | Killed a one-headed hydra
 13823 | Lair:4   | Noticed Urug
 13831 | Lair:4   | Killed Urug
 14042 | Lair:4   | Reached XP level 13. HP: 112/115 MP: 19/19
 14161 | Lair:4   | Reached skill level 10 in Armour
 14176 | Lair:4   | Found an ornate altar of the Wu Jian Council.
 15431 | Lair:5   | Learned a level 4 spell: Summon Lightning Spire
 15437 | Lair:5   | Learned a level 5 spell: Silence
 15444 | Lair:5   | Learned a level 6 spell: Conjure Ball Lightning
 15451 | Lair:5   | Learned a level 6 spell: Deflect Missiles
 16367 | Lair:6   | Entered Level 6 of the Lair of Beasts
 16411 | Lair:6   | Reached skill level 10 in Dodging
 16511 | Lair:6   | Reached skill level 1 in Air Magic
 17577 | Lair:6   | Reached **** piety under Sif Muna
 17582 | Lair:6   | Slain by a death yak

Skill      XL: |  1  2  3  4  5  6  7  8  9 10 11 12 13 |
---------------+----------------------------------------+-----
Axes           | 3 4 5 6 7 9 11 13 16 | 16.2
Fighting       | 6 10 | 10.8
Armour         | 6 9 10 | 10.0
Dodging        | 5 10 | 10.0
Shields        | 5 |  5.0
Spellcasting   | 1 5 |  5.0
Invocations    | 5 |  5.1
Evocations     | 4 6 |  6.2
Air Magic      | 4 |  4.5

Action                   |  1- 3 |  4- 6 |  7- 9 | 10-12 | 13-15 || total
-------------------------+-------+-------+-------+-------+-------++-------
Melee: War axe           |   110 |   174 |   299 |   681 |   238 ||  1502
       Headbutt          |     9 |    33 |    66 |   163 |    71 ||   342
Evoke: Wand              |       |       |       |       |    36 ||    36
       Lamp of fire      |       |       |       |       |     1 ||     1
  Use: Scroll            |     3 |     6 |     5 |    13 |     6 ||    33
       Potion            |     1 |     1 |     3 |    10 |     1 ||    16
  Eat: Chunk             |       |     6 |     6 |    14 |     4 ||    30
       Ration            |       |     1 |     1 |     3 |     2 ||     7
Armor: Scale mail        |    65 |    27 |       |       |       ||    92
       Plate armour      |       |    12 |   150 |   276 |       ||   438
       Robe              |       |       |       |    20 |    22 ||    42
Dodge: Dodged            |    41 |    16 |     9 |   140 |    56 ||   262
Block: Shield            |    37 |       |       |       |       ||    37
       Large shield      |    40 |   140 |   258 |   593 |   148 ||  1179
